 Dungeon Crawl Stone Soup version 0.31-a0-841-g038b102fc3 (webtiles) character file.

Game seed: 11513267898327795033

294 Kurtz the Chopper (level 6, -2/40 (42) HPs)
             Began as an Octopode Fighter on Sept 27, 2023.
             Was an Initiate of Gozag.
             Slain by a wight
             ... wielding a +1 morningstar of protection
              (14 damage)
             ... on level 5 of the Dungeon.
             The game lasted 00:02:20 (2763 turns).

Kurtz the Chopper (Octopode Fighter)                Turns: 2763, Time: 00:02:21

HP:   -2/40 (42)    AC:  1    Str: 23    XL:     6   Next: 33%
MP:   15/15         EV: 13    Int: 11    God:    Gozag
Gold: 123           SH:  4    Dex: 11    Spells: 5/5 levels left

rFire   . . .        v - +2 flail
rCold   . . .        b - +0 buckler
rNeg    . . .        (helmet restricted)
rPois   .            (no amulet)
rElec   .            q - ring of magical power
rCorr   .            r - ring of willpower
SInv    .            t - +6 ring of strength
Will    +....        (no ring)
Stlth   ++           (no ring)
HPRegen 0.26/turn    (no ring)
MPRegen 0.14/turn    (no ring)
                     (no ring)

%: no passive effects
@: lightly drained
A: almost no armour, amphibious, 8 rings, camouflage 1, gelatinous body 1,
(nimble swimmer 1), tentacles
a: Renounce Religion, Potion Petition, Call Merchant, Bribe Branch


You were on level 5 of the Dungeon.
You worshipped Gozag.
Gozag was aware of your devotion.
You visited 1 branch of the dungeon, and saw 5 of its levels.

You collected 197 gold pieces.
You paid 74 gold pieces to Gozag.

Inventory:

Hand Weapons
 a - a +0 war axe
 v - a +2 flail (weapon)
Armour
 b - a +0 buckler (worn)
Jewellery
 q - a ring of magical power (left tentacle)
 r - a ring of willpower (right tentacle)
 t - a +6 ring of strength (on tentacle)
Scrolls
 e - a scroll of teleportation {unknown}
 f - a scroll of poison {unknown}
 i - 2 scrolls of identify {unknown}
 j - a scroll of revelation {unknown}
 l - a scroll of enchant armour {unknown}
 m - a scroll of vulnerability {unknown}
 n - a scroll of blinking {unknown}
 o - a scroll of brand weapon {unknown}
 u - a scroll of torment {unknown}
 w - a scroll of silence {unknown}
Potions
 c - a potion of might
 d - a potion of haste {unknown}
 g - 2 potions of magic {unknown}
 h - a potion of heal wounds {unknown}
 k - 2 potions of resistance {unknown}
 p - a potion of berserk rage {unknown}
 s - a potion of curing


   Skills:
 + Level 3.1 Fighting
 * Level 6.3 Axes
 - Level 3.0 Dodging
 + Level 1.1 Stealth
 - Level 3.0 Shields


You had 5 spell levels left.
You didn't know any spells.
Your spell library contained the following spells:

 Spells                   Type           Power      Damage    Failure   Level
 Call Canine Familiar     Summ           0%         N/A       77%         3
 Sigil of Binding         Hex            0%         N/A       77%         3
 Dimensional Bullseye     Hex/Tloc       0%         N/A       99%         4
 Leda's Liquefaction      Hex/Erth       0%         N/A       99%         4


Dungeon Overview and Level Annotations

Branches:
Dungeon (5/15)
 Temple: D:4-7

Altars:
Gozag
Yredelemnul

Shops:
D:1 (

Annotations:
D:3 3 runed translucent doors, exclusions: door and downstairs, hgbash's ghost, amateur DsNe


Innate Abilities, Weirdness & Mutations

You cannot wear most types of armour.
You are amphibious.
You can wear up to eight rings at the same time.
Your skin changes colour to match your surroundings (Stealth+).
Your rubbery body absorbs attacks. (AC +1, EV +1)
((You are camouflaged when in or above water. (Stealth+)))
You have tentacles for arms and can constrict up to eight enemies at once.


Message History

Things that are here:
a +2 flail; a +0 robe
v - a +2 flail
v - a +2 flail (weapon)
You start resting.
HP restored.
You now have 112 gold pieces (gained 8).
Things that are here:
a +0 battleaxe; a +0 robe
Found a pair of gloves.
Found a stone staircase leading down.
There is an open door here.
You now have 123 gold pieces (gained 11).
Found an orcbow.
Found a stone staircase leading up.
w - a scroll labelled GEUTSU PALY A wight comes into view.
It is wielding a +1 morningstar of protection.
Found a scroll labelled MOMMUO UBUBLAS.
A wight is nearby!
A wight comes into view. It is wielding a +0 halberd.
Found a short sword.
The wight barely misses you. The wight closely misses you.
You hit the wight. You grab the wight.
The wight is lightly damaged.
You constrict the wight, but do no damage.
The wight hits you from afar with a +0 halberd!
The wight closely misses you.
Unknown command.
You hit the wight. You squeeze the wight.
The wight is moderately damaged.
You constrict the wight, but do no damage.
The wight closely misses you.
The wight hits you with a +1 morningstar of protection!!
You feel drained.
* * * LOW HITPOINT WARNING * * *
You release your grip on the wight.
You hit the wight. You grab the wight.
The wight is heavily damaged.
You constrict the wight, but do no damage.
The wight hits you with a +1 morningstar of protection!
You die...
Your body crumbles into a pile of gold.

## .####
#.##....#
...#....#
.......+ #
<...)..#
#.#####......#
#......z.z...#
.......z#######
?.......@.....###
.....:...........
...>.............
##..............)
#........#######
#.....[..#
#........######
#........#....#
#........#...)# #


You could see 2 wights.

Vanquished Creatures
  3 wights (D:5)
  An orc priest (D:3)
  A hound zombie (D:3)
  3 adders
  A white imp (D:5)
  2 dart slugs
  A worm (D:2)
  3 orcs (D:3)
  6 bats
  3 endoplasms
  2 giant cockroaches (D:1)
  A goblin (D:1)
  9 hobgoblins
  3 jackals (D:3)
  4 kobolds
  2 quokkas
  4 ball pythons
  A ball python zombie (D:3)
  4 frilled lizards (D:1)
  3 rats
57 creatures vanquished.

Notes
Turn   | Place    | Note
-------+----------+-------------------------------------------
     0 | D:1      | Kurtz the Octopode Fighter began the quest for the Orb.
     0 | D:1      | Reached XP level 1. HP: 16/16 MP: 1/1
    26 | D:1      | You fall into a shaft and drop 1 floor!
   103 | D:3      | Found a faded altar of an unknown god.
   107 | D:3      | Reached XP level 2. HP: 17/21 MP: 2/2
   159 | D:3      | Reached skill level 3 in Axes
   208 | D:3      | Reached XP level 3. HP: 11/26 MP: 3/3
   585 | D:3      | Found a runed translucent gate.
   585 | D:3      | Found a runed translucent gate.
   585 | D:3      | Found a runed translucent gate.
   585 | D:3      | Noticed hgbash's ghost (amateur DsNe)
   588 | D:3      | Found a basalt altar of Yredelemnul.
  1036 | D:2      | Reached skill level 4 in Axes
  1321 | D:1      | Reached XP level 4. HP: 31/31 MP: 4/4
  1391 | D:1      | Found Zeynup's Weapon Emporium.
  2210 | D:3      | Reached skill level 5 in Axes
  2210 | D:3      | Reached XP level 5. HP: 31/36 MP: 5/5
  2268 | D:4      | Noticed an ogre
  2405 | D:4      | Found an opulent altar of Gozag.
  2429 | D:4      | Became a worshipper of Gozag Ym Sagoz the Greedy
  2449 | D:5      | Entered Level 5 of the Dungeon
  2625 | D:5      | Reached skill level 6 in Axes
  2625 | D:5      | Reached XP level 6. HP: 37/42 MP: 6/6
  2636 | D:5      | Reached skill level 1 in Stealth
  2763 | D:5      | Slain by a wight

Illustrated notes

Levels and vault maps discovered:
D:1:      sevenhm_arrival_forest_fort_large_4, layout_rooms, serial_shops, shop,
          corexii_leaking_fountain, minmay_pentomino_s4
D:2:      layout_loops_ring, dreamdust_princess_bridge, kennysheep_doodads
D:3:      layout_basic, nicolae_yredelemnul_ghost_church,
          nicolae_ecumenical_pavilion
D:4:      layout_rooms, grunt_gozag_statues, nicolae_overflow_squiral,
          led_xom_imps, minmay_misc_feat_pillars,
          chequers_serial_rivers_small_b, uniq_duvessa
D:5:      layout_basic, kennysheep_mini_moat, minmay_ogre_servants

Skill      XL: |  1  2  3  4  5  6 |
---------------+-------------------+-----
Axes           | 3 4 5 6 |  6.3
Stealth        | 1 |  1.1
Fighting       | |  3.1
Dodging        | |  3.0
Shields        | |  3.0

Action                     |  1- 3 |  4- 6 || total
---------------------------+-------+-------++-------
  Melee: War axe           |    64 |    49 ||   113
         Constrict         |    13 |    18 ||    31
         Tentacles         |     7 |     7 ||    14
         Flail             |       |     3 ||     3
    Use: Potion            |     2 |       ||     2
   Stab: Sleeping          |     5 |     4 ||     9
         Invisible         |     1 |       ||     1
         Distracted        |       |     1 ||     1
 Armour: Skin              |    36 |    27 ||    63
  Dodge: Dodged            |    56 |    32 ||    88
  Block: Buckler           |    19 |    13 ||    32

Table legend: (Time is in decaauts)
 A = Elapsed time spent in this place.
 B = Non-inter-level travel time spent in this place.
 C = Inter-level travel time spent in this place.
 D = Time resting spent in this place.
 E = Time spent auto-exploring this place.
 F = Levels seen in this place.
 G = Mean time per level.
                   A        B        C        D        E       F      G
               +--------+--------+--------+--------+--------+-----+--------+
         Total |   2799 |   2596 |    203 |    280 |   1872 |   5 |  559.8 |
       Dungeon |   2799 |   2596 |    203 |    280 |   1872 |   5 |  559.8 |
               +--------+--------+--------+--------+--------+-----+--------+

Top non-repeatable levels by time:
     D:3: 1051 daAuts
     D:2: 723 daAuts
     D:1: 614 daAuts
     D:5: 317 daAuts
     D:4: 92 daAuts
